 Seeded DCSS version 0.29.1-15-g9cfb28693d (webtiles) character file.

Game seed: 1 (custom seed)

6407 Kazon the Twirler (level 10, -9/101 (102) HPs)
             Began as an Ogre Hedge Wizard on Mar 27, 2023.
             Was a Believer of Vehumet.
             Mangled by a two-headed ogre
             ... wielding a +0 giant club
              (15 damage)
             ... on level 9 of the Dungeon on Mar 29, 2023.
             The game lasted 00:59:29 (6944 turns).

Kazon the Twirler (Ogre Hedge Wizard)               Turns: 6944, Time: 00:59:30

HP:   -9/101 (102)  AC:  7    Str: 16    XL:     10   Next: 98%
MP:   21/21         EV: 10    Int: 15    God:    Vehumet [**....]
Gold: 575           SH:  0    Dex: 12    Spells: 13/24 levels left

rFire   . . .      SeeInvis .   f - +4 quarterstaff (spect)
rCold   + . .      Faith    .   (shield currently unavailable)
rNeg    + . .      Spirit   .   K - +0 acid dragon scales
rPois   .          Reflect  .   c - +0 hat
rElec   .          Harm     .   (no cloak)
rCorr   +          Rampage  .   (gloves unavailable)
Will    +....                   (boots unavailable)
Stlth   ++........              g - amulet of the acrobat
HPRegen 0.26/turn               r - ring of positive energy
MPRegen 0.17/turn               B - ring of protection from cold

@: lightly drained
A: large, unfitting armour, tough skin 1
a: Renounce Religion


You were on level 9 of the Dungeon.
You worshipped Vehumet.
Vehumet was pleased with you.
You visited 2 branches of the dungeon, and saw 10 of its levels.

You collected 617 gold pieces.
You spent 42 gold pieces at shops.

Inventory:

Hand Weapons
 e - a +2 dagger of venom
 f - a +4 spectral quarterstaff (weapon)
Missiles
 o - 13 boomerangs (quivered)
 v - a throwing net
 z - 3 curare-tipped darts
 H - 8 poisoned darts
Armour
 c - a +0 hat (worn)
 K - +0 acid dragon scales (worn)
Magical Staves
 L - a staff of air
Jewellery
 g - an amulet of the acrobat (around neck)
 j - a ring of protection from cold
 k - a ring of magical power
 r - a ring of positive energy (left hand)
 B - a ring of protection from cold (right hand)
Wands
 x - a wand of mindburst (9)
 y - a wand of flame (13)
 G - a wand of paralysis (16)
 J - a wand of roots (6)
Scrolls
 i - 7 scrolls of identify
 l - 2 scrolls of immolation {unknown}
 n - 3 scrolls of fog {unknown}
 p - a scroll of poison {unknown}
 s - 3 scrolls of teleportation
 t - a scroll of magic mapping {unknown}
 w - 2 scrolls of noise {unknown}
 A - 2 scrolls of enchant weapon {unknown}
 I - 3 scrolls of fear
 M - a scroll of summoning {unknown}
 O - a scroll of amnesia {unknown}
Potions
 a - 2 potions of ambrosia {unknown}
 b - 4 potions of berserk rage {unknown}
 d - 3 potions of magic
 h - 2 potions of flight
 m - 2 potions of haste {unknown}
 q - 4 potions of attraction {unknown}
 u - 5 potions of lignification {unknown}
 C - 2 potions of cancellation
 D - a potion of might
 E - 2 potions of curing
 F - a potion of brilliance
Miscellaneous
 N - a condenser vane


   Skills:
 * Level 7.3 Fighting
 + Level 7.7 Staves
 + Level 4.4 Throwing
 + Level 3.0 Armour
 + Level 4.8 Dodging
 + Level 5.0 Stealth
 + Level 7.7 Spellcasting
 + Level 4.3 Conjurations
 + Level 3.7 Summonings
 + Level 0.7 Necromancy
 + Level 3.4 Translocations
 + Level 0.1 Air Magic
 + Level 1.3 Earth Magic
 + Level 1.1 Poison Magic
 * Level 2.9 Evocations


You had 13 spell levels left.
You knew the following spells:

 Your Spells              Type           Power      Damage    Failure   Level
a - Magic Dart            Conj           72%        1d6       2%          1
b - Blink                 Tloc           32%        N/A       6%          2
c - Call Imp              Summ           17%        N/A       5%          2
d - Necrotise             Necr           28%        1d5       13%         1
e - Mephitic Cloud        Conj/Pois/Air  11%        N/A       24%         3
f - Sandblast             Erth           18%        2d7       10%         1
g - Foxfire               Conj/Fire      48%        2x1d6     7%          1

Your spell library contained the following spells:

 Spells                   Type           Power      Damage    Failure   Level
 Scorch                   Fire           10%        2d5       26%         2
 Summon Small Mammal      Summ           68%        N/A       3%          1
 Apportation              Tloc           32%        N/A       4%          1
 Sting                    Tmut/Pois      28%        1d4       14%         1
 Slow                     Hex            20%        N/A       17%         1
 Poisonous Vapours        Pois/Air       14%        N/A       21%         2
 Conjure Flame            Conj/Fire      12%        6-21      21%         3
 Ozocubu's Armour         Ice            5%         N/A       45%         3
 Iskenderun's Battlesphe  Conj           18%        2d7       61%         5
 Olgreb's Toxic Radiance  Pois           9%         N/A       71%         4
 Fireball                 Conj/Fire      6%         3d5       88%         5
 Metabolic Englaciation   Hex/Ice        2%         N/A       99%         5
 Conjure Ball Lightning   Conj/Air       6%         3x3d6     100%        6
 Simulacrum               Ice/Necr       3%         N/A       100%        6
 Orb of Destruction       Conj           9%         9d6       100%        7


Dungeon Overview and Level Annotations

Branches:
Dungeon (9/15)             Temple (1/1) D:7
   Lair: D:8-11         Orc: D:9-12

Altars:
Ashenzari
Cheibriados
Dithmenos
Elyvilon
Fedhas
Gozag
Hepliaklqana
Kikubaaqudgha
Makhleb
Nemelex Xobeh
Okawaru
Qazlal
Ru
Trog
Uskayaw
Vehumet
Wu Jian
Xom
Yredelemnul
Zin
The Shining One

Shops:
D:3 (   D:8 ?(==


Innate Abilities, Weirdness & Mutations

You are too large for most types of armour.
You have tough skin. (AC +1)


Message History

You hit the orc wizard.
The orc wizard is heavily wounded.
Your +4 spectral quarterstaff closely misses the orc wizard.
The orc barely misses you. The orc wizard closely misses you.
You hit the orc wizard but do no damage.
The orc wizard is heavily wounded.
Your +4 spectral quarterstaff hits the orc wizard.
The orc hits you from afar with a +0 trident.
The orc wizard hits you but does no damage.
The orc wizard points at you and mumbles some strange words.
You easily resist.
The orc misses you. The orc completely misses you.
You hit the orc.
The orc is heavily wounded.
Your +4 spectral quarterstaff completely misses the orc.
The orc wizard barely misses you. The orc hits you with a +0 trident!
The orc hits you with a +0 mace.
You completely miss the orc.
Your +4 spectral quarterstaff hits the orc!
You kill the orc!
Vehumet accepts your kill. The orc wizard casts a spell at you.
The puff of flame hits you! The orc hits you but does no damage.
You sock the two-headed ogre!
The two-headed ogre is moderately wounded.
Your +4 spectral quarterstaff hits the two-headed ogre.
You barely miss the orc wizard.
The orc wizard is almost dead.
Your +4 spectral quarterstaff hits the orc wizard!
You kill the orc wizard!
Vehumet accepts your kill.
The two-headed ogre hits you with a +0 giant club!!
The two-headed ogre closely misses you. The orc barely misses you.
You hit the two-headed ogre.
The two-headed ogre is moderately wounded.
Your +4 spectral quarterstaff hits the two-headed ogre!
The orc hits you with a +0 trident.
The two-headed ogre hits you with a +0 giant club!!
* * * LOW HITPOINT WARNING * * *
The two-headed ogre hits you with a +0 giant club!
You die...

........ .....####.......##
........ ##...###........#
<......... ##........#.....###
........... #........##.).....#
...........####.......###..#..###
.#..[...........##....# #.....##
####............ยง##...###......#
.............).....####....#
####............@o##.#.....)...#
.#.............O(.####)....).###
.................### ##.....#####
...................#####....##..#
................##....#.........#
................................#
..)............>.............####
.....).......................##
#.............#...............##


You could see a two-headed ogre, an orc and a friendly +4 spectral quarterstaff
(summoned).

Vanquished Creatures
  Maggie (D:6)
  Prince Ribbit (D:9)
  A shadow (D:9)
  A yak (D:6)
  2 wyverns
  Eustachio (D:5)
  2 steam dragons
  Menkaure (D:5)
  Edmund (D:6)
  4 water moccasins
  4 orc warriors
  An ice beast (D:8)
  5 sky beasts
  2 black bears (D:6)
  4 centaurs
  An ogre (D:6)
  2 phantoms (D:6)
  2 kobold brigands
  3 necrophages
  A bullfrog (D:7)
  A gnoll sergeant (D:7)
  5 scorpions
  14 wights
  A howler monkey (D:5)
  2 jellies (D:6)
  A hound (D:4)
  7 orc priests
  A gnoll bouda (D:7)
  5 iguanas
  2 orc wizards (D:9)
  Robin (D:3)
  15 gnolls
  12 adders
  3 shadow imps
  2 white imps (D:7)
  An ufetubus (D:5)
  3 worms
  32 orcs
  11 endoplasms
  A giant cockroach (D:1)
  15 goblins
  9 hobgoblins
  A jackal (D:4)
  16 kobolds
  A quokka (D:1)
  4 ball pythons
  4 bats
  3 frilled lizards
  6 rats
219 creatures vanquished.

Vanquished Creatures (collateral kills)
  An iguana (D:5)
  An adder (D:3)
  A goblin (D:3)
3 creatures vanquished.

Vanquished Creatures (others)
  A quokka (D:7)
  2 foxfires (D:9)
3 creatures vanquished.

Grand Total: 225 creatures vanquished

Notes
Turn   | Place    | Note
-------+----------+-------------------------------------------
     0 | D:1      | Kazon the Ogre Hedge Wizard began the quest for the Orb.
     0 | D:1      | Reached XP level 1. HP: 16/16 MP: 5/5
    36 | D:1      | Identified a scroll of acquirement
    36 | D:1      | Acquired a +4 spectral quarterstaff
   120 | D:1      | Reached XP level 2. HP: 24/24 MP: 1/7
   538 | D:1      | Learned a level 2 spell: Blink
   541 | D:1      | Learned a level 2 spell: Call Imp
   632 | D:2      | Reached XP level 3. HP: 22/31 MP: 5/8
   797 | D:2      | Reached skill level 1 in Summonings
   909 | D:2      | Reached skill level 1 in Staves
   997 | D:2      | Reached XP level 4. HP: 38/39 MP: 10/10
  1282 | D:3      | Found Umat's Antique Weapon Boutique.
  1346 | D:3      | Reached XP level 5. HP: 16/46 MP: 10/12
  1378 | D:3      | Reached skill level 1 in Conjurations
  1418 | D:3      | Reached skill level 1 in Fighting
  1588 | D:3      | Noticed Robin
  1601 | D:3      | Killed Robin
  1826 | D:3      | Reached XP level 6. HP: 64/64 MP: 13/15
  2059 | D:4      | Reached XP level 7. HP: 71/71 MP: 16/16
  2618 | D:4      | Found a hazy altar of Hepliaklqana.
  2652 | D:4      | Learned a level 1 spell: Necrotise
  2753 | D:5      | Entered Level 5 of the Dungeon
  2789 | D:5      | Reached skill level 5 in Fighting
  2789 | D:5      | Reached skill level 5 in Staves
  3109 | D:5      | Reached XP level 8. HP: 76/80 MP: 12/18
  3130 | D:5      | Noticed Menkaure
  3139 | D:5      | Killed Menkaure
  3264 | D:5      | Noticed Eustachio
  3269 | D:5      | Killed Eustachio
  3827 | D:6      | Reached XP level 9. HP: 55/88 MP: 19/19
  4109 | D:7      | Found a staircase to the Ecumenical Temple.
  4124 | Temple   | Entered the Ecumenical Temple
  4164 | Temple   | Became a worshipper of Vehumet
  4172 | Temple   | Learned a level 3 spell: Mephitic Cloud
  4234 | D:7      | Found a hide-covered altar of Uskayaw.
  4386 | D:6      | Reached skill level 1 in Evocations
  4521 | D:6      | Reached * piety under Vehumet
  4521 | D:6      | Offered knowledge of Sandblast by Vehumet.
  4524 | D:6      | Learned a level 1 spell: Sandblast
  4767 | D:6      | Noticed Edmund
  4782 | D:6      | Killed Edmund
  4832 | D:6      | Reached XP level 10. HP: 74/98 MP: 20/20
  4964 | D:6      | Reached skill level 1 in Earth Magic
  5034 | D:6      | Noticed Maggie
  5050 | D:6      | Killed Maggie
  5051 | D:6      | Reached skill level 1 in Poison Magic
  5309 | D:7      | Reached ** piety under Vehumet
  5345 | D:7      | Offered knowledge of Foxfire by Vehumet.
  5418 | D:7      | Learned a level 1 spell: Foxfire
  5425 | D:7      | Found a white marble altar of Elyvilon.
  5763 | D:8      | Found Esumer's Weapon Shop.
  5860 | D:8      | Found Quzidd's Magic Scroll Emporium.
  5865 | D:8      | Bought a scroll of teleportation for 42 gold pieces
  6104 | D:8      | Found Heidghoki's Jewellery Shop.
  6138 | D:8      | Found Zoxtaeshakh's Jewellery Boutique.
  6481 | D:9      | Noticed Prince Ribbit
  6497 | D:9      | Killed Prince Ribbit
  6885 | D:9      | Offered knowledge of Scorch by Vehumet.
  6892 | D:9      | Reached skill level 5 in Stealth
  6934 | D:9      | Noticed a two-headed ogre
  6944 | D:9      | Mangled by a two-headed ogre

Illustrated notes

Levels and vault maps discovered:
D:1:      dpeg_arrival_three_smaller_balls, layout_basic
D:2:      layout_loops_ring
D:3:      layout_basic, serial_shops, nicolae_shop_stone, st_stairs_9,
          minmay_misc_feat_doors, eino_curves_03, uniq_robin
D:4:      minmay_wonky_spiral, layout_basic,
          mainiacjoe_overflow_surrounded_room, minivault_5
D:5:      layout_cave_pods, uniq_menkaure, uniq_eustachio
D:6:      cheibrodos_barr_body, layout_basic, minmay_crystal_room,
          minmay_pentangle, uniq_maggie, uniq_edmund
D:7:      layout_cave_pools, nicolae_uskayaw_murder_on_the_dancefloor,
          elyvilon_altar_4, minmay_temple_entry_purple_smoke
D:8:      layout_basic, serial_shops, shop_statue, kennysheep_little_box, shop,
          nicolae_shop_window_shopping
D:9:      layout_cave_pools, uniq_prince_ribbit1
Temple:   nicolae_temple_bog_church

Skill      XL: |  1  2  3  4  5  6  7  8  9 10 |
---------------+-------------------------------+-----
Spellcasting   | 4 6 7 |  7.7
Summonings     | 1 3 |  3.7
Staves         | 1 4 5 6 7 |  7.7
Stealth        | 2 4 5 |  5.0
Conjurations   | 3 4 |  4.3
Fighting       | 4 5 7 |  7.3
Throwing       | 3 4 |  4.4
Armour         | 2 3 |  3.0
Dodging        | 3 4 |  4.8
Translocations | 3 |  3.4
Evocations     | 1 2 |  2.9
Earth Magic    | 1 |  1.3
Poison Magic   | 1 |  1.1
Necromancy     | |  0.7
Air Magic      | |  0.1

Action                   |  1- 3 |  4- 6 |  7- 9 | 10-12 || total
-------------------------+-------+-------+-------+-------++-------
Melee: Quarterstaff      |    34 |    54 |   176 |   132 ||   396
       Staff             |       |       |       |    13 ||    13
Throw: Stone             |     5 |    15 |    26 |    59 ||   105
       Boomerang         |       |       |       |    15 ||    15
 Cast: Magic Dart        |    25 |    11 |    35 |    12 ||    83
       Call Imp          |     1 |     3 |     4 |     2 ||    10
       Blink             |     1 |       |     1 |       ||     2
       Necrotise         |       |       |     3 |       ||     3
       Sandblast         |       |       |     3 |     4 ||     7
       Mephitic Cloud    |       |       |       |    15 ||    15
       Foxfire           |       |       |       |     3 ||     3
Evoke: Wand              |       |       |     3 |       ||     3
  Use: Scroll            |     1 |       |     5 |     1 ||     7
       Potion            |       |     1 |     1 |       ||     2
 Stab: Sleeping          |     5 |     5 |     6 |     7 ||    23
       Distracted        |     1 |       |       |     1 ||     2
       Confused          |       |       |       |     5 ||     5
Armor: Robe              |       |     4 |    26 |     4 ||    34
       Acid dragon scale |       |       |       |    16 ||    16
Dodge: Dodged            |    11 |    23 |    92 |    50 ||   176
